 Dungeon Crawl Stone Soup version 0.28.0-49-g6dfe1f597d (console) character file.

Game seed: 16328455965124890819

276014 Faeu the Slayer (level 20, -4/215 HPs)
             Began as a Minotaur Berserker on May 12, 2022.
             Was a High Priest of Trog.
             Succumbed to something's poison gas
             ... on level 4 of the Depths on May 13, 2022.
             The game lasted 06:26:12 (56577 turns).

Faeu the Slayer (Minotaur Berserker)               Turns: 56577, Time: 06:26:13

Health: -4/215     AC: 29    Str: 38    XL:     20   Next: 25%
Magic:  19/19      EV: 13    Int:  4    God:    Trog [*****.]
Gold:   3899       SH: 11    Dex: 14    Spells: 19/19 levels left

rFire   + . .      SeeInvis +   a - +11 broad axe {flame, *Noise rC+ Stlth+, axe}
rCold   + + +      Faith    .   P - +1 buckler {rN+}
rNeg    + + .      Spirit   .   x - +4 plate armour
rPois   .          Reflect  +   b - +0 hat {Will+}
rElec   +          Harm     .   v - scarf {rC+ rF+}
rCorr   +          Rampage  .   p - +1 pair of gloves of Parlour Games {rElec rCorr Str+4 Stlth+}
Will    +++++                   w - +0 pair of boots
Stlth   ..........              M - amulet of reflection
HPRegen 0.45/turn               T - ring "Xiril" {rC+ rN+ Will+ Str+4 Dex+3}
MPRegen 0.16/turn               o - ring "Jamox" {rElec Will++ Slay-6 SInv}

@: lethally poisoned (-4 -> -63), on berserk cooldown, slowed, very slow
A: horns 2, retaliatory headbutt
a: Renounce Religion, Berserk, Trog's Hand, Brothers in Arms


You were on level 4 of the Depths.
You worshipped Trog.
Trog was extremely pleased with you.
You visited 8 branches of the dungeon, and saw 35 of its levels.
You visited 1 bazaar.
You also visited: Bailey, Gauntlet, Ice Cave, Volcano and Desolation.

You collected 4223 gold pieces.
You spent 324 gold pieces at shops.


Innate Abilities, Weirdness & Mutations

You have a pair of horns on your head.
You reflexively headbutt those who attack you in melee.


   Skills:
 + Level 26.8 Fighting
 - Level 21.6 Axes
 - Level 13.4 Slings
 + Level 22.0 Armour
 - Level 9.7 Dodging
 - Level 4.4 Shields
 + Level 6.9 Evocations


You had 19 spell levels left.
You didn't know any spells.
Your spell library contained the following spells:

 Spells                   Type           Power      Damage    Failure   Level
 Animate Skeleton         Necr           0%         N/A       91%         1
 Apportation              Tloc           0%         N/A       91%         1
 Beastly Appendage        Tmut           0%         N/A       91%         1
 Pain                     Necr           0%         1d4       91%         1
 Sandblast                Erth           0%         2d4       91%         1
 Shock                    Conj/Air       0%         1d3       91%         1
 Slow                     Hex            0%         N/A       91%         1
 Sting                    Tmut/Pois      0%         1d3       91%         1
 Summon Small Mammal      Summ           0%         N/A       91%         1
 Corpse Rot               Necr/Air       0%         N/A       97%         2
 Ensorcelled Hibernation  Hex/Ice        0%         N/A       97%         2
 Passwall                 Tmut/Erth      0%         N/A       97%         2
 Poisonous Vapours        Pois/Air       0%         N/A       97%         2
 Static Discharge         Conj/Air       0%         N/A       97%         2
 Wereblood                Tmut           0%         N/A       97%         2
 Call Canine Familiar     Summ           0%         N/A       99%         3
 Confusing Touch          Hex            0%         N/A       99%         3
 Dazzling Flash           Conj/Hex       0%         N/A       99%         3
 Ignite Poison            Fire/Tmut/Pois 0%         N/A       99%         3
 Mephitic Cloud           Conj/Pois/Air  0%         N/A       99%         3
 Portal Projectile        Hex/Tloc       0%         N/A       99%         3
 Spider Form              Tmut/Pois      0%         N/A       99%         3
 Stone Arrow              Conj/Erth      0%         3d7       99%         3
 Summon Guardian Golem    Hex/Summ       0%         N/A       99%         3
 Swiftness                Air            0%         N/A       99%         3
 Tukima's Dance           Hex            0%         N/A       99%         3
 Vampiric Draining        Necr           0%         2d6       99%         3
 Airstrike                Air            0%         N/A       100%        4
 Anguish                  Hex/Necr       0%         N/A       100%        4
 Dispel Undead            Necr           0%         3d6       100%        4
 Hailstorm                Conj/Ice       0%         3d3       100%        4
 Ice Form                 Ice/Tmut       0%         N/A       100%        4
 Iskenderun's Mystic Bla  Conj/Tloc      0%         2d3       100%        4
 Petrify                  Tmut/Erth      0%         N/A       100%        4
 Sticky Flame             Conj/Fire      0%         2d3       100%        4
 Agony                    Necr           0%         N/A       100%        5
 Alistair's Intoxication  Tmut/Pois      0%         N/A       100%        5
 Blade Hands              Tmut           0%         N/A       100%        5
 Borgnjor's Vile Clutch   Necr/Erth      0%         N/A       100%        5
 Excruciating Wounds      Necr           0%         N/A       100%        5
 Fireball                 Conj/Fire      0%         3d3       100%        5
 Freezing Cloud           Conj/Ice/Air   0%         6-21      100%        5
 Iskenderun's Battlesphe  Conj           0%         2d6       100%        5
 Lightning Bolt           Conj/Air       0%         1d11      100%        5
 Yara's Violent Unravell  Hex/Tmut       0%         3d3       100%        5
 Conjure Ball Lightning   Conj/Air       0%         3x3d6     100%        6
 Eringya's Noxious Bog    Tmut/Pois      0%         N/A       100%        6
 Simulacrum               Ice/Necr       0%         N/A       100%        6
 Starburst                Conj/Fire      0%         6d3       100%        6
 Statue Form              Tmut/Erth      0%         N/A       100%        6
 Enfeeble                 Hex            0%         N/A       100%        7
 Orb of Destruction       Conj           0%         9d5       100%        7
 Storm Form               Tmut/Air       0%         N/A       100%        7
 Chain Lightning          Conj/Air       0%         N/A       100%        9

Inventory:

Hand Weapons
 a - the +11 broad axe "Vedde" (weapon) {flame, *Noise rC+ Stlth+, axe}
   (Trog gifted it to you on level 11 of the Dungeon)

   It burns those it strikes, dealing additional fire damage.
   Big, fiery blades are also staple armaments of hydra-hunters.
   rC:        It protects you from cold.
   *Noise:    It may make noises in combat.
   Stlth:     It makes you more stealthy.
 j - a +8 antimagic broad axe {axe}
   (Trog gifted it to you on level 1 of the Orcish Mines)
 s - the +9 broad axe of Uweocun {vorpal, rElec rC++ Str+2 Int-5, axe}
   (Trog gifted it to you on level 2 of the Orcish Mines)

   It inflicts extra damage upon your enemies.
   Str:       It affects your strength (+2).
   Int:       It affects your intelligence (-5).
   rC:        It greatly protects you from cold.
   rElec:     It insulates you from electricity.
 G - the +6 executioner's axe of Ankefyut {vorpal, rN+ Will+ Str+3 Dex-3, axerare=g}
   (Trog gifted it to you on level 3 of the Lair of Beasts)

   It inflicts extra damage upon your enemies.
   Str:       It affects your strength (+3).
   Dex:       It affects your dexterity (-3).
   rN:        It protects you from negative energy.
   Will:      It increases your willpower.
Missiles
 z - 6 silver javelins {throwing}
 B - 17 javelins {throwing}
 W - 3 silver boomerangs {throwing}
 Y - 30 poisoned darts (quivered) {throwing}
Armour
 b - a +0 hat of willpower (worn)
   (You took it off Gastronok on level 8 of the Dungeon)
 p - the +1 pair of gloves of Parlour Games (worn) {rElec rCorr Str+4 Stlth+}
   (You found it on level 13 of the Dungeon)

   Str:       It affects your strength (+4).
   rElec:     It insulates you from electricity.
   rCorr:     It protects you from acid and corrosion.
   Stlth:     It makes you more stealthy.
 v - a scarf of resistance (worn)
   (You found it on level 8 of the Dungeon)
 w - a +0 pair of boots (worn)
   (You found it on level 7 of the Dungeon)
 x - a +4 plate armour (worn)
   (You took it off an orc warrior on level 2 of the Orcish Mines)
 P - a +1 buckler of positive energy (worn)
   (You took it off a tengu warrior on level 3 of the Depths)
Jewellery
 k - a +4 ring of protection
   (You took it off a kobold on level 3 of the Dungeon)
 o - the ring "Jamox" (right hand) {rElec Will++ Slay-6 SInv}
   (You found it in the Desolation of Salt)

   [ring of see invisible]

   Slay:      It affects your accuracy & damage with ranged weapons and melee
   (-6).
   rElec:     It insulates you from electricity.
   SInv:      It lets you see invisible.
   Will:      It greatly increases your willpower.
 E - a ring of poison resistance
   (You took it off a vampire knight on level 2 of the Depths)
 J - the ring "Iphes" {Ice Drain Str+4 Int+8 Dex-2}
   (You found it in a Gauntlet)

   [ring of ice]

   It enhances your ice magic.
   Str:       It affects your strength (+4).
   Int:       It affects your intelligence (+8).
   Dex:       It affects your dexterity (-2).
   rF:        It makes you vulnerable to fire.
   rC:        It protects you from cold.
   Drain:     It drains your maximum health when unequipped.
 L - the ring "Gogew" {rC+ Str+5 Dex+3}
   (You found it in an ice cave)

   [ring of protection from cold]

   Str:       It affects your strength (+5).
   Dex:       It affects your dexterity (+3).
   rC:        It protects you from cold.
 M - an amulet of reflection (around neck)
   (You found it on level 1 of the Elven Halls)
 R - the ring "Etoubbur" {+Blink rElec rF++ MP+9 Int+2}
   (You found it on level 4 of the Lair of Beasts)

   [ring of magical power]

   Int:       It affects your intelligence (+2).
   rF:        It greatly protects you from fire.
   rElec:     It insulates you from electricity.
   MP:        It affects your magic capacity (+9).
   +Blink:    It lets you blink.
 T - the ring "Xiril" (left hand) {rC+ rN+ Will+ Str+4 Dex+3}
   (You found it in the Desolation of Salt)

   [ring of positive energy]

   Str:       It affects your strength (+4).
   Dex:       It affects your dexterity (+3).
   rC:        It protects you from cold.
   rN:        It protects you from negative energy.
   Will:      It increases your willpower.
 X - the ring of Paranoia {Int+3 SInv}
   (You found it in the Desolation of Salt)

   [ring of see invisible]

   Int:       It affects your intelligence (+3).
   SInv:      It lets you see invisible.
Wands
 i - a wand of acid (40)
   (You found it on level 4 of the Dungeon)
 q - a wand of iceblast (36)
   (You found it on level 4 of the Dungeon)
 u - a wand of digging (14)
   (You found it in a Gauntlet)
 y - a wand of flame (35)
   (You found it on level 11 of the Dungeon)
 A - a wand of paralysis (18)
   (You found it on level 6 of the Dungeon)
 D - a wand of mindburst (22)
   (You found it on level 7 of the Dungeon)
 O - a wand of charming (13)
   (You found it on level 7 of the Dungeon)
Scrolls
 e - 21 scrolls of teleportation {@r4}
 f - 11 scrolls of blinking {!r}
 g - a scroll of acquirement
 r - 7 scrolls of enchant armour
 t - 9 scrolls of fog
 C - 5 scrolls of silence {!r}
 Q - 5 scrolls of immolation {!r!r}
 S - 3 scrolls of magic mapping {!r}
 U - 2 scrolls of summoning
 V - a scroll of vulnerability {!r!r}
 Z - 8 scrolls of fear
Potions
 c - 2 potions of flight
 d - 5 potions of resistance
 m - 10 potions of curing {@q1}
 n - 9 potions of mutation {!q}
 F - 6 potions of cancellation
 H - 2 potions of invisibility
 I - 10 potions of haste {@q3}
 K - 4 potions of might
 N - 2 potions of heal wounds {@q2}
Miscellaneous
 h - a phial of floods
   (You found it in a Gauntlet)
 l - a box of beasts
   (You found it on level 10 of the Dungeon)

Dungeon Overview and Level Annotations

Branches:
Dungeon (15/15)            Temple (0/1) D:6            Lair (6/6) D:11
 Shoals (3/4) Lair:3       Spider (2/4) Lair:3        Slime (1/5) Lair:5
    Orc (2/2) D:12            Elf (2/3) Orc:2        Vaults (0/5) D:14
 Depths (4/4) D:15         Bailey (visited)           IceCv (visited)
Volcano (visited)         Desolation (visited)      Gauntlet (visited)
    Zot: Depths:4

Altars:
Cheibriados
Dithmenos
Fedhas
Hepliaklqana
Kikubaaqudgha
Makhleb
Nemelex Xobeh
Ru
Sif Muna
Uskayaw
Vehumet
Yredelemnul
Beogh
Lugonu

Shops:
D:4 =   D:7 [   Orc:2 *[?=   Shoals:2 !   Depths:1 [(:(   Depths:3 (

Portals:
Hell: Depths:1 Depths:2 Depths:3 Depths:4
Abyss: Depths:3 Depths:4
Pandemonium: Orc:2 Depths:2 Depths:4
Ziggurat: Depths:1

Annotations:
Spider:2 Asterion
Elf:2 3 runed translucent doors

############## #.............
#.############ ##.# #..##
#.#.# #.☼## #○#.# ####..##
##...)#.# #)@#○#.###
#(#)#°#?.# .# ##
#.######∩###### ...#.##
#......#..#.#.## .......
###.##.###.#.#.#
..C....#####Cq#..#.#....#
.......#☼.....##.##.....#
.....C....d..###.#.#).#.#
.............^###.##...#.##
..................#.#..#..###
..................##...##..#.


There were no monsters in sight!


Message History

You take 3 damage, and now have 122/215 hp.
You slice the purple draconian shifter!!
You burn the purple draconian shifter.
You kill the purple draconian shifter!
Trog accepts your kill.
Trog appreciates your killing of a magic user.
You slice the green draconian!! You burn the green draconian.
You feel very sick.
The green draconian breathes poison at you.
The blast of poison engulfs you.
You are more poisoned. 😮 HP[-5]
You take 5 damage, and now have 117/215 hp.
You barely miss the green draconian.
You are engulfed in poison gas.
You are more poisoned.
You feel extremely sick. 😮 HP[-8]
You take 8 damage, and now have 109/215 hp.
You slice the green draconian!! You burn the green draconian.
Your headbutt misses the green draconian.
You are engulfed in poison gas.
You are more poisoned.
* * * LOW HITPOINT WARNING * * *
You feel extremely sick. The green draconian closely misses you.
You block the green draconian's attack. 😨 HP[-12]
You take 12 damage, and now have 97/215 hp.
A red film seems to cover your vision as you go berserk!
You feel yourself moving faster!
You feel mighty!
You are engulfed in poison gas.
You are more poisoned.
* * * LOW HITPOINT WARNING * * *
You feel extremely sick.
The green draconian hits you with a +0 mace!
* * * LOW HITPOINT WARNING * * *
The green draconian tail-slaps you!
* * * LOW HITPOINT WARNING * * *
You are more poisoned.
The green draconian poisons you! 😨 HP[+4]
You now have 322 max hp (+107).
You regained 4 hp, and now have 101/322 hp.
You closely miss the green draconian.
You are engulfed in poison gas.
You are lethally poisoned!
* * * LOW HITPOINT WARNING * * *
x2 You feel extremely sick.
The green draconian closely misses you.
The green draconian tail-slaps you but does no damage. 😨 HP[-13]
You take 13 damage, and now have 88/322 hp.
You closely miss the green draconian.
Your headbutt misses the green draconian.
You are engulfed in poison gas.
You are more poisoned.
* * * LOW HITPOINT WARNING * * *
You feel extremely sick. 😱 HP[-14]
You take 14 damage, and now have 74/322 hp.
You are engulfed in poison gas.
You are more poisoned.
* * * LOW HITPOINT WARNING * * *
You feel extremely sick.
Things that are here:
a +2 vorpal hand axe {axe}; a red draconian corpse 😱 HP[-17]
You take 17 damage, and now have 57/322 hp.
You feel a strong urge to attack something.
* * * LOW HITPOINT WARNING * * *
You feel extremely sick. 😱 HP[-16]
You take 16 damage, and now have 41/322 hp.
You slice the green draconian!! You burn the green draconian.
You kill the green draconian!
Trog accepts your kill. Trog grants you a weapon!
Something appears at your feet!
You see here a +2 antimagic battleaxe.
* * * LOW HITPOINT WARNING * * *
You feel extremely sick. 😱 HP[-11]
You take 11 damage, and now have 30/322 hp.
You are too berserk!
You are too injured to fight recklessly!
Calm down first, please.
* * * LOW HITPOINT WARNING * * *
You feel extremely sick. 😱 HP[-12]
You take 12 damage, and now have 18/322 hp.
You feel a strong urge to attack something.
* * * LOW HITPOINT WARNING * * *
You feel extremely sick. 😱 HP[-10]
You take 10 damage, and now have 8/322 hp.
You are too berserk!
Unknown command.
Unknown command.
Unknown command.
You are no longer berserk.
You are exhausted.
You feel yourself slow down.
You die...

Skill      XL: |  1  2  3  4  5  6  7  8  9 10 11 12 13 14 15 16 17 18 19 20 |
---------------+-------------------------------------------------------------+-----
Fighting       | 4 5 6 8 9 10 11 13 16 19 21 22 24 25 26 | 26.8
Axes           | 4 5 6 7 9 10 12 13 16 18 20 21 | 21.6
Armour         | 3 4 5 7 9 10 11 13 16 18 20 21 22 | 22.0
Dodging        | 3 4 5 6 8 9 |  9.7
Slings         | 9 13 | 13.4
Shields        | 4 |  4.4
Evocations     | 3 5 6 |  6.9

Action                   |  1- 3 |  4- 6 |  7- 9 | 10-12 | 13-15 | 16-18 | 19-21 || total
-------------------------+-------+-------+-------+-------+-------+-------+-------++-------
Melee: Hand axe          |    78 |   157 |   121 |       |       |       |       ||   356
       Headbutt          |     8 |    24 |    45 |   114 |   162 |   251 |   178 ||   782
       Punch             |       |       |     4 |       |       |       |       ||     4
       Flail             |       |       |   202 |   341 |       |       |       ||   543
       Broad axe         |       |       |       |   240 |   718 |   974 |   599 ||  2531
       Hunting sling     |       |       |       |       |     2 |       |       ||     2
       Executioner's axe |       |       |       |       |       |   103 |       ||   103
 Fire: Hunting sling     |       |       |    23 |    42 |    58 |       |       ||   123
Throw: Boomerang         |       |       |     1 |    28 |    15 |     2 |       ||    46
       Dart              |       |       |       |       |       |    23 |     3 ||    26
       Javelin           |       |       |       |       |       |    14 |       ||    14
Invok: Berserk           |       |     2 |     7 |     6 |     6 |    12 |     2 ||    35
       Brothers in Arms  |       |       |       |     1 |       |     1 |       ||     2
Evoke: Wand              |       |       |       |    10 |       |     1 |       ||    11
       Phial of floods   |       |       |       |       |       |       |     1 ||     1
  Use: Scroll            |       |       |     1 |     8 |    22 |     7 |     1 ||    39
       Potion            |       |       |       |     7 |     3 |     2 |       ||    12
 Stab: Sleeping          |     2 |       |       |       |       |       |       ||     2
       Petrified         |       |       |       |       |       |     1 |       ||     1
Armor: Animal skin       |    14 |     2 |       |       |       |       |       ||    16
       Chain mail        |       |    33 |       |    49 |   134 |    70 |       ||   286
       Plate armour      |       |    58 |   316 |   287 |   265 |   592 |   289 ||  1807
Dodge: Dodged            |    48 |    70 |   266 |   285 |   309 |   446 |   211 ||  1635
Block: Buckler           |       |       |     1 |    81 |    92 |   108 |   145 ||   427
       Kite shield       |       |       |       |       |       |   156 |       ||   156
       Reflection        |       |       |       |       |       |       |     2 ||     2

Levels and vault maps discovered:
D:1:      dpeg_arrival_prison, layout_basic, shapermc_ecumenical_altar_pompeii,
          nicolae_concentric_dashed_squares_mild
D:2:      layout_basic, serial_shops, nicolae_shop_bloodbath_and_beyond,
          uniq_terence
D:3:      layout_loops_ring, mainiacjoe_overflow_catch_the_wave,
          mainiacjoe_overflow_tiny_flanked, dk_noncrumbling_4
D:4:      layout_rooms, bloody_makhleb, serial_shops, shop
D:5:      layout_loops_corners
D:6:      layout_basic, grunt_temple_overflow_open, minmay_temple_entry_waves,
          uniq_edmund
D:7:      layout_loops_cross, serial_shops, shop, enter_bailey_5,
          minmay_manual_mares
D:8:      layout_cave_pools, special_room [special_room_orc],
          corexii_hall_statues_i, grunt_ministairs_6, uniq_gastronok
D:9:      due_megacathedral, layout_loops_ring, hangedman_fish_farm
D:10:     layout_irregular_city, glass_columns_c
D:11:     layout_basic, minmay_lair_entry_grove
D:12:     layout_irregular_city, david_orc_5
D:13:     layout_basic, gammafunk_ghost_spectres, portal_ice_cave_rime,
          uniq_urug
D:14:     layout_gridville, erik_vaults_1, gauntlet_entry_generic,
          lightli_fourway_metalbox, uniq_roxanne
D:15:     grunt_enter_depths_snipers, layout_rooms, serial_shops, bzr_entry_safe
Lair:1:   layout_regular_city, grunt_megastairs_3, uniq_sonja
Lair:2:   layout_cave_pods, lemuel_fruit_tree, grunt_megastairs_2, uniq_maggie
Lair:3:   layout_misc_corridors, minmay_shoals_entry_hut, dummy_spider_entry,
          hellmonk_ghost_happy_afterlife, serial_bayou_shore_b,
          grunt_megastairs_4
Lair:4:   layout_regular_city, minmay_stone_trees_small, uniq_nessos
Lair:5:   layout_hall_layers, nicolae_slime_entry_slimehenge,
          nicolae_quartered_pool_super, uniq_snorg
Lair:6:   wormcave, layout_cellular_growth, hangedman_lair_caniforms_friends,
          infiniplex_staircase_pool_2
Shoals:1: layout_shoals, uniq_josephine, uniq_mlioglotl, uniq_louise, uniq_kirke
Shoals:2: layout_shoals, serial_shops, nicolae_shop_advertising_works
          [nicolae_subvault_shop_adworks], uniq_polyphemus, uniq_aizul
Shoals:3: layout_shoals, nicolae_shoals_this_corrosion
Spider:1: layout_spider_delve, nicolae_spider_twisty_arc_passages, uniq_jorgrun,
          uniq_donald
Spider:2: layout_spider_delve, uniq_asterion
Slime:1:  layout_caves
Orc:1:    layout_caves, lightli_volcano_entry_magma_tube, basic_altar
Orc:2:    pf_orc_diabolical, layout_diamond_mine, nicolae_orc_bridge_out,
          hellmonk_bongcloud_opening
Elf:1:    layout_geoelf_octagon, hangedman_elf_represent
Elf:2:    nicolae_elf_blades_crystal_corner, layout_geoelf_octagon,
          portal_desolation_entry_ruin, special_room [special_room_orc],
          nicolae_elf_theology_debate
Depths:1: layout_cave_shapes, enter_ziggurat_a, hell_entry, serial_shops,
          nicolae_shop_behind_doors, kennysheep_flooded_box, led_sif_pool,
          minmay_shop_star
Depths:2: due_jory_tower, layout_basic, hell_entry, minmay_misc_feat_rugged,
          serial_sigils, serial_sigils_hangedman_etch,
          serial_sigils_hangedman_scratch, serial_sigils_hangedman_quiver,
          pan_entry
Depths:3: kennysheep_snake, layout_basic, abyss_entry, serial_shops,
          nicolae_shop_crystal, minmay_misc_feat_iff, hell_entry,
          hangedman_stitches_earthworm, serial_bayou_shore_b,
          infiniplex_staircase_diamond
Depths:4: grunt_zot_entry_pinwheel, layout_cave_pools, hell_entry,
          hangedman_abyss_entry_splay, grunt_pan_entry_zigzag,
          solitary_fountain, water_boxes_lemuel

Notes
Turn   | Place    | Note
-------+----------+-------------------------------------------
     0 | D:1      | Faeu the Minotaur Berserker began the quest for the Orb.
     0 | D:1      | Reached XP level 1. HP: 19/19 MP: 0/0
     0 | D:1      | magus.rc [v1.9.6]
   146 | D:1      | Reached XP level 2. HP: 22/27 MP: 1/1
   385 | D:1      | Reached skill level 4 in Fighting
   398 | D:1      | Reached skill level 4 in Axes
   449 | D:1      | Reached skill level 3 in Armour
   498 | D:1      | Found a faded altar of an unknown god.
   582 | D:1      | Reached XP level 3. HP: 32/33 MP: 2/2
   650 | D:1      | You pick up a book of Geomancy {forbidden} and begin
                  | reading...
   650 | D:1      | You add the spells Sandblast, Passwall and Stone Arrow to
                  | your library.
  1000 | D:2      | Reached ** piety under Trog
  1154 | D:2      | Noticed Terence
  1164 | D:2      | Killed Terence
  1165 | D:2      | Reached skill level 3 in Dodging
  1165 | D:2      | Reached XP level 4. HP: 24/41 MP: 3/3
  1419 | D:3      | Found an ancient bone altar of Kikubaaqudgha.
  1681 | D:2      | HP: 12/61 [gnoll/+0 halberd (12)]
  2180 | D:3      | Found a blossoming altar of Fedhas.
  2471 | D:3      | You pick up a book of Debilitation {forbidden} and begin
                  | reading...
  2471 | D:3      | You add the spells Slow, Vampiric Draining and Confusing
                  | Touch to your library.
  2534 | D:3      | Found a sacrificial altar of Ru.
  2544 | D:3      | Reached XP level 5. HP: 47/47 MP: 4/4
  2694 | D:4      | Found Zim Gazo's Jewellery Shoppe.
  2699 | D:4      | Noticed a black bear
  2709 | D:4      | Killed a black bear
  2710 | D:4      | Reached skill level 5 in Fighting
  2710 | D:4      | Reached skill level 5 in Axes
  2710 | D:4      | Reached skill level 4 in Armour
  3170 | D:4      | Found a burning altar of Makhleb.
  3185 | D:4      | Reached skill level 4 in Dodging
  3185 | D:4      | Reached XP level 6. HP: 54/56 MP: 5/5
  3380 | D:4      | Reached *** piety under Trog
  3667 | D:5      | Entered Level 5 of the Dungeon
  3669 | D:5      | Noticed a water moccasin
  3675 | D:5      | Killed a water moccasin
  3676 | D:5      | Reached skill level 5 in Armour
  3676 | D:5      | Reached XP level 7. HP: 60/62 MP: 6/6
  3752 | D:5      | Reached skill level 6 in Fighting
  3766 | D:5      | Reached skill level 6 in Axes
  3897 | D:5      | Reached skill level 5 in Dodging
  4199 | D:5      | Reached XP level 8. HP: 67/71 MP: 7/7
  4461 | D:5      | Reached skill level 6 in Armour
  4732 | D:5      | Reached skill level 7 in Fighting
  4737 | D:5      | Reached skill level 7 in Axes
  5138 | D:5      | Reached skill level 6 in Dodging
  5446 | D:6      | Noticed Edmund
  5467 | D:6      | Killed Edmund
  5620 | D:6      | Reached skill level 7 in Armour
  5648 | D:6      | Found a sparkling altar of Nemelex Xobeh.
  5651 | D:6      | Found a hazy altar of Hepliaklqana.
  5651 | D:6      | Found a radiant altar of Vehumet.
  5655 | D:6      | Found a basalt altar of Yredelemnul.
  5874 | D:6      | Found a staircase to the Ecumenical Temple.
  5977 | D:6      | Reached skill level 8 in Fighting
  5977 | D:6      | Reached XP level 9. HP: 79/81 MP: 8/8
  6376 | D:6      | Reached skill level 8 in Axes
  6453 | D:6      | You pick up a book of Touch {forbidden} and begin
                  | reading...
  6453 | D:6      | You add the spells Static Discharge, Sticky Flame and
                  | Dispel Undead to your library.
  6499 | D:7      | Found Luelytz's Antique Armour Boutique.
  6633 | D:7      | Found a flagged portal.
  6657 | Bailey   | Entered a bailey
  6701 | Bailey   | Reached skill level 7 in Dodging
  6748 | Bailey   | Reached **** piety under Trog
  7084 | Bailey   | Noticed an orc knight
  7096 | Bailey   | Killed an orc knight
  7097 | Bailey   | Reached skill level 8 in Armour
  7142 | Bailey   | HP: 27/123 [orc/+0 halberd (7)]
  7149 | Bailey   | HP: 24/123 [orc/+0 trident (2)]
  7936 | D:7      | Reached skill level 9 in Fighting
  7944 | D:7      | HP: 20/83 [poisoned by an orc]
  8256 | D:7      | Reached skill level 9 in Axes
  8670 | D:8      | Reached skill level 8 in Dodging
  8988 | D:8      | Noticed Gastronok
  9383 | D:9      | Reached skill level 9 in Armour
  9383 | D:9      | Reached XP level 10. HP: 82/91 MP: 9/9
  9535 | D:9      | You pick up a book of Misfortune {forbidden} and begin
                  | reading...
  9535 | D:9      | You add the spells Yara's Violent Unravelling and Enfeeble
                  | to your library.
 10127 | D:9      | Reached ***** piety under Trog
 10529 | D:9      | Found a runed translucent door.
 10535 | D:9      | Found a hide-covered altar of Uskayaw.
 10544 | D:9      | Found a shimmering blue altar of Sif Muna.
 10553 | D:9      | Found a shadowy altar of Dithmenos.
 10553 | D:9      | Noticed a gargoyle
 10554 | D:9      | magus.rc [v1.9.6]
 10563 | D:9      | Paralysed by a hornet for 3 turns
 10575 | D:9      | Killed a gargoyle
 10576 | D:9      | Reached skill level 10 in Fighting
 10770 | D:9      | Found a hazy altar of Hepliaklqana.
 10775 | D:9      | Reached skill level 10 in Axes
 10807 | D:9      | Found a snail-covered altar of Cheibriados.
 10815 | D:9      | Reached skill level 9 in Dodging
 10845 | D:9      | Noticed a two-headed ogre
 10862 | D:9      | Killed a two-headed ogre
 10863 | D:9      | Reached skill level 10 in Armour
 10934 | D:9      | Found a hide-covered altar of Uskayaw.
 11256 | D:9      | Noticed a flayed ghost
 11263 | D:9      | Killed a flayed ghost
 11315 | D:10     | Entered Level 10 of the Dungeon
 11531 | D:10     | Reached XP level 11. HP: 96/101 MP: 10/10
 12157 | D:10     | Reached skill level 11 in Fighting
 12452 | D:11     | Reached skill level 11 in Axes
 12521 | D:11     | Reached skill level 1 in Slings
 12644 | D:11     | Reached skill level 2 in Slings
 12791 | D:11     | Reached skill level 3 in Slings
 12940 | D:10     | Reached skill level 11 in Armour
 12999 | D:11     | Found a staircase to the Lair.
 13072 | D:11     | Reached skill level 4 in Slings
 13350 | D:11     | Noticed a boulder beetle
 13369 | D:11     | Killed a boulder beetle
 13896 | D:11     | Noticed a death knight
 13916 | D:11     | Killed a death knight
 13917 | D:11     | Reached skill level 5 in Slings
 14224 | D:11     | Identified the +11 broad axe "Vedde" {flame, *Noise rC+
                  | Stlth+} (Trog gifted it to you on level 11 of the Dungeon)
 14224 | D:11     | Received a gift from Trog
 14320 | D:12     | Reached skill level 6 in Slings
 14336 | D:12     | Noticed a death knight
 14913 | D:11     | Reached skill level 12 in Axes
 14941 | Lair:1   | Entered Level 1 of the Lair of Beasts
 14946 | Lair:1   | Noticed Sonja
 14965 | D:11     | HP: 21/104 [poisoned by Sonja (curare-tipped dart)]
 14968 | D:11     | HP: 9/104 [poisoned by Sonja (curare-tipped dart)]
 14971 | D:11     | HP: 4/104 [poisoned by Sonja (curare-tipped dart)]
 15441 | D:12     | Noticed a two-headed ogre
 15470 | D:12     | Killed a two-headed ogre
 15471 | D:12     | Reached skill level 7 in Slings
 15695 | D:12     | Noticed a centaur warrior
 15844 | D:12     | Killed a centaur warrior
 15845 | D:12     | Reached skill level 8 in Slings
 15933 | D:12     | Reached skill level 9 in Slings
 15933 | D:12     | Reached XP level 12. HP: 112/112 MP: 11/11
 16029 | D:11     | Reached skill level 10 in Slings
 16569 | D:12     | Reached skill level 11 in Slings
 16571 | D:12     | HP: 42/168 [skeletal warrior/+2 dire flail of protection[a
                  | skeletal warrior] (10)]
 16953 | D:12     | Reached skill level 12 in Slings
 17003 | D:12     | Found a staircase to the Orcish Mines.
 17037 | Orc:1    | Entered Level 1 of the Orcish Mines
 17060 | Orc:1    | Reached skill level 13 in Slings
 17151 | Orc:1    | Noticed an orc warlord
 17171 | Orc:1    | Reached skill level 12 in Fighting
 17171 | Orc:1    | Killed an orc warlord
 17192 | Orc:1    | HP: 23/113 [orc warrior/+0 flail (9)]
 17227 | Orc:1    | Reached ****** piety under Trog
 17288 | Orc:1    | Reached skill level 13 in Axes
 17294 | Orc:1    | Found a dark tunnel.
 17303 | Volcano  | Entered a volcano
 17569 | Volcano  | HP: 27/113 [something (3)]
 17574 | Volcano  | HP: 17/113 [something (12)]
 17773 | Volcano  | HP: 28/113 [molten gargoyle/+2 flail of pain (5)]
 17774 | Volcano  | HP: 10/113 [molten gargoyle/+2 flail of pain (11)]
 17784 | Volcano  | HP: 19/113 [something (12)]
 17788 | Volcano  | HP: 5/113 [earth elemental (8)]
 17794 | Volcano  | HP: 17/113 [earth elemental (14)]
 18331 | Volcano  | Reached skill level 13 in Fighting
 18845 | Volcano  | j - a +0 eveningstar of flaming {macerare=g}
 18856 | Volcano  | You drop a +0 eveningstar of flaming {macerare=g}.
 19092 | Orc:1    | Received a gift from Trog
 19310 | Orc:1    | You fall into a shaft and drop 1 floor!
 19310 | Orc:2    | Entered Level 2 of the Orcish Mines
 19810 | Orc:2    | Reached XP level 13. HP: 84/122 MP: 12/12
 19844 | Orc:2    | Found Doic's General Store.
 19847 | Orc:2    | Reached skill level 14 in Axes
 19854 | Orc:2    | HP: 45/183 [orc warrior/+0 halberd (14)]
 19857 | Orc:2    | HP: 22/183 [orc priest/divine providence (12)]
 19858 | Orc:2    | Found Bassoeri's Magic Scroll Shoppe.
 20296 | Orc:2    | Found a staircase to the Elven Halls.
 20985 | Orc:1    | Reached skill level 14 in Fighting
 21405 | Orc:2    | HP: 46/186 [orc knight/+1 great sword of holy wrath (9)]
 22231 | Orc:2    | Reached skill level 15 in Axes
 22508 | Orc:2    | Identified the +9 broad axe of Uweocun {vorpal, rElec rC++
                  | Str+2 Int-5} (Trog gifted it to you on level 2 of the
                  | Orcish Mines)
 22508 | Orc:2    | Received a gift from Trog
 22522 | Orc:2    | Reached skill level 15 in Fighting
 22532 | Orc:2    | Found Hapreypy's Antique Armour Shop.
 22532 | Orc:2    | Found Tuminlib's Jewellery Boutique.
 22533 | Orc:2    | Found a one-way gate leading to the halls of Pandemonium.
 22667 | Orc:2    | Lost intelligence.
 22729 | Orc:2    | Bought a scroll of identify for 26 gold pieces
 22729 | Orc:2    | Bought a scroll of identify for 26 gold pieces
 22731 | Orc:2    | Bought a scroll of enchant weapon for 97 gold pieces
 22735 | Orc:2    | Bought a scroll of enchant armour for 97 gold pieces
 22755 | Orc:2    | Bought a scroll of identify for 26 gold pieces
 22755 | Orc:2    | Bought a scroll of identify for 26 gold pieces
 22755 | Orc:2    | Bought a scroll of identify for 26 gold pieces
 23362 | D:13     | Noticed Urug
 23368 | D:13     | HP: 46/190 [centaur warrior (8)]
 23370 | D:13     | Killed Urug
 23373 | D:13     | Reached skill level 16 in Axes
 23738 | D:13     | Found a frozen archway.
 23754 | IceCv    | Entered an ice cave
 24073 | IceCv    | Noticed a quicksilver ooze
 24079 | IceCv    | Killed a quicksilver ooze
 24080 | IceCv    | Reached skill level 16 in Fighting
 24261 | IceCv    | Reached XP level 14. HP: 131/137 MP: 13/13
 24280 | IceCv    | Noticed an azure jelly
 24286 | IceCv    | Killed an azure jelly
 24299 | IceCv    | Noticed an azure jelly
 24304 | IceCv    | Killed an azure jelly
 24311 | IceCv    | Found a viscous altar of Jiyva.
 24330 | IceCv    | Got the ring "Gogew" {rC+ Str+5 Dex+3}
 24493 | IceCv    | Received a gift from Trog
 24619 | D:13     | Identified the +1 pair of gloves of Parlour Games {rElec
                  | rCorr Str+4 Stlth+}
 24663 | D:13     | You pick up a book of Dreams {forbidden} and begin
                  | reading...
 24663 | D:13     | You add the spells Ensorcelled Hibernation, Spider Form and
                  | Anguish to your library.
 24940 | D:13     | Found a runed translucent gate.
 24940 | D:13     | Found a runed translucent gate.
 24940 | D:13     | Found a runed translucent gate.
 25101 | D:13     | Noticed Kaptain's ghost (journeyman GrEE)
 25147 | D:13     | You add the spells Ignite Poison, Mephitic Cloud and
                  | Freezing Cloud to your library.
 25243 | D:14     | Reached skill level 17 in Axes
 25303 | D:14     | Found a gate to the Vaults.
 25603 | D:14     | Found a gate leading to a gauntlet.
 25612 | Gauntlet | Entered a Gauntlet
 25612 | Gauntlet | Found a transporter.
 25615 | Gauntlet | Found a transporter.
 25631 | Gauntlet | Found a transporter.
 25632 | Gauntlet | Found a transporter.
 25641 | Gauntlet | Found a transporter.
 25664 | Gauntlet | Found a transporter.
 25677 | Gauntlet | Found a transporter.
 25699 | Gauntlet | Found a transporter.
 25701 | Gauntlet | Found a transporter.
 25712 | Gauntlet | Found a transporter.
 25736 | Gauntlet | Found a transporter.
 25736 | Gauntlet | Found a transporter.
 26347 | Gauntlet | Identified the ring "Iphes" {Ice Drain Str+4 Int+8 Dex-2}
 26360 | Gauntlet | Reached skill level 17 in Fighting
 26465 | Gauntlet | Identified the +0 hat of Bafrets {Regen+ Slay+2}
 26495 | Gauntlet | Identified the +8 hunting sling of the Lusting Queen
                  | {speed, Drain rCorr Int+8}
 27373 | D:15     | Entered Level 15 of the Dungeon
 27425 | D:15     | Reached skill level 18 in Axes
 27444 | D:15     | Reached skill level 18 in Fighting
 27471 | D:15     | Received a gift from Trog
 27668 | D:15     | Reached skill level 19 in Fighting
 27680 | D:15     | HP: 22/146 [cyclops/large rock (36)]
 27687 | D:15     | Reached XP level 15. HP: 37/152 MP: 14/14
 27733 | D:15     | HP: 36/152 [meliai/+0 war axe (12)]
 27858 | D:15     | Found a staircase to the Depths.
 27946 | D:15     | Found a flickering gateway to a bazaar.
 27952 | Bazaar   | Entered a bazaar
 27954 | Bazaar   | Found Dyothru's General Store.
 27958 | Bazaar   | Found Vinuzio's Book Boutique.
 27958 | Bazaar   | Found Luimpis's Antique Armour Boutique.
 27958 | Bazaar   | Found Xadoteni's Antique Weapon Boutique.
 28042 | D:15     | You pick up a book of Cantrips {forbidden} and begin
                  | reading...
 28042 | D:15     | You add the spells Animate Skeleton, Summon Small Mammal
                  | and Apportation to your library.
 28933 | D:12     | Reached skill level 20 in Fighting
 29277 | Lair:1   | Killed Sonja
 29348 | Lair:1   | You pick up a book of Air {forbidden} and begin reading...
 29348 | Lair:1   | You add the spells Shock, Swiftness and Airstrike to your
                  | library.
 29545 | Lair:1   | Identified the +2 battleaxe "Boxap" {vorpal, Stlth+} (Trog
                  | gifted it to you on level 1 of the Lair of Beasts)
 29545 | Lair:1   | Received a gift from Trog
 29569 | Lair:1   | Reached skill level 12 in Armour
 29582 | Lair:1   | Reached skill level 1 in Shields
 29598 | Lair:1   | Reached skill level 2 in Shields
 29736 | Lair:1   | You pick up a book of Maledictions {forbidden} and begin
                  | reading...
 30109 | Lair:2   | Reached skill level 3 in Shields
 30366 | Lair:2   | You pick up a book of Weapons {forbidden} and begin
                  | reading...
 30366 | Lair:2   | You add the spells Portal Projectile, Excruciating Wounds
                  | and Blade Hands to your library.
 30633 | Lair:2   | Noticed Maggie
 30651 | Lair:2   | Killed Maggie
 30992 | Lair:3   | Noticed Skippwaahh's ghost (journeyman FeCj)
 30992 | Lair:3   | Found a runed translucent door.
 31012 | Lair:3   | Reached skill level 4 in Shields
 31073 | Lair:3   | Identified the +6 executioner's axe of Ankefyut {vorpal,
                  | rN+ Will+ Str+3 Dex-3} (Trog gifted it to you on level 3 of
                  | the Lair of Beasts)
 31073 | Lair:3   | Received a gift from Trog
 31108 | Lair:3   | G - the +6 executioner's axe of Ankefyut {vorpal, rN+ Will+
                  | Str+3 Dex-3, axerare=g}
 31118 | Lair:3   | You pick up a book of the Tundra {forbidden} and begin
                  | reading...
 31118 | Lair:3   | You add the spells Hailstorm, Ice Form and Simulacrum to
                  | your library.
 31190 | Lair:3   | Found a hole to the Spider Nest.
 31323 | Lair:3   | Found a staircase to the Shoals.
 31369 | Lair:3   | Reached skill level 1 in Evocations
 31737 | Lair:3   | Killed Skippwaahh's ghost
 31746 | Lair:3   | Identified a scroll of acquirement
 31784 | Lair:4   | Reached skill level 13 in Armour
 31804 | Lair:4   | Noticed Nessos
 31824 | Lair:4   | Killed Nessos
 31825 | Lair:4   | Reached skill level 2 in Evocations
 31925 | Lair:4   | You pick up a book of Callings {forbidden} and begin
                  | reading...
 31925 | Lair:4   | You add the spells Call Canine Familiar and Summon Guardian
                  | Golem to your library.
 31951 | Lair:4   | Reached skill level 21 in Fighting
 32220 | Lair:4   | Identified the ring "Etoubbur" {+Blink rElec rF++ MP+9
                  | Int+2}
 32743 | Lair:5   | Found a staircase to the Slime Pits.
 32889 | Lair:5   | Noticed Snorg
 32899 | Lair:5   | Killed Snorg
 32900 | Lair:5   | Reached skill level 3 in Evocations
 32992 | Lair:5   | Received a gift from Trog
 33026 | Lair:5   | a +1 antimagic triple sword {longrare=g}; a wolf corpse
 33026 | Lair:5   | a +1 antimagic triple sword {longrare=g}; a wolf corpse
 33026 | Lair:5   | Could not pick up a +1 antimagic triple sword {longrare=g}
                  | here; ([A]lways) ignore it?
 33026 | Lair:5   | a +1 antimagic triple sword {longrare=g}; a wolf corpse
 33026 | Lair:5   | Could not pick up a +1 antimagic triple sword {longrare=g}
                  | here; ([A]lways) ignore it?
 33026 | Lair:5   | Could not pick up a +1 antimagic triple sword {longrare=g}
                  | here; ([A]lways) ignore it?
 33026 | Lair:5   | a +1 antimagic triple sword {longrare=g}; a wolf corpse
 33026 | Lair:5   | Could not pick up a +1 antimagic triple sword {longrare=g}
                  | here; ([A]lways) ignore it?
 33026 | Lair:5   | Could not pick up a +1 antimagic triple sword {longrare=g}
                  | here; ([A]lways) ignore it?
 33034 | Lair:5   | a +1 antimagic triple sword {longrare=g}; a wolf corpse
 33034 | Lair:5   | Could not pick up a +1 antimagic triple sword {longrare=g}
                  | here; ([A]lways) ignore it?
 33034 | Lair:5   | Could not pick up a +1 antimagic triple sword {longrare=g}
                  | here; ([A]lways) ignore it?
 33034 | Lair:5   | Could not pick up a +1 antimagic triple sword {longrare=g}
                  | here; ([A]lways) ignore it?
 33034 | Lair:5   | a +1 antimagic triple sword {longrare=g}; a wolf corpse
 33034 | Lair:5   | Could not pick up a +1 antimagic triple sword {longrare=g}
                  | here; ([A]lways) ignore it?
 33111 | Lair:5   | a +1 antimagic triple sword {longrare=g}; a wolf corpse
 33111 | Lair:5   | Could not pick up a +1 antimagic triple sword {longrare=g}
                  | here; ([A]lways) ignore it?
 33111 | Lair:5   | a +1 antimagic triple sword {longrare=g}; a wolf corpse
 33111 | Lair:5   | Could not pick up a +1 antimagic triple sword {longrare=g}
                  | here; ([A]lways) ignore it?
 33111 | Lair:5   | a +1 antimagic triple sword {longrare=g}; a wolf corpse
 33111 | Lair:5   | Could not pick up a +1 antimagic triple sword {longrare=g}
                  | here; ([A]lways) ignore it?
 33111 | Lair:5   | a +1 antimagic triple sword {longrare=g}; a wolf corpse
 33111 | Lair:5   | Could not pick up a +1 antimagic triple sword {longrare=g}
                  | here; ([A]lways) ignore it?
 33111 | Lair:5   | a +1 antimagic triple sword {longrare=g}; a wolf corpse
 33111 | Lair:5   | Could not pick up a +1 antimagic triple sword {longrare=g}
                  | here; ([A]lways) ignore it?
 33111 | Lair:5   | a +1 antimagic triple sword {longrare=g}; a wolf corpse
 33111 | Lair:5   | Could not pick up a +1 antimagic triple sword {longrare=g}
                  | here; ([A]lways) ignore it?
 33111 | Lair:5   | a +1 antimagic triple sword {longrare=g}; a wolf corpse
 33111 | Lair:5   | Could not pick up a +1 antimagic triple sword {longrare=g}
                  | here; ([A]lways) ignore it?
 33111 | Lair:5   | a +1 antimagic triple sword {longrare=g}; a wolf corpse
 33111 | Lair:5   | Could not pick up a +1 antimagic triple sword {longrare=g}
                  | here; ([A]lways) ignore it?
 33111 | Lair:5   | a +1 antimagic triple sword {longrare=g}; a wolf corpse
 33111 | Lair:5   | Could not pick up a +1 antimagic triple sword {longrare=g}
                  | here; ([A]lways) ignore it?
 33111 | Lair:5   | a +1 antimagic triple sword {longrare=g}; a wolf corpse
 33111 | Lair:5   | Could not pick up a +1 antimagic triple sword {longrare=g}
                  | here; ([A]lways) ignore it?
 33111 | Lair:5   | Could not pick up a +1 antimagic triple sword {longrare=g}
                  | here; ([A]lways) ignore it?
 33111 | Lair:5   | Could not pick up a +1 antimagic triple sword {longrare=g}
                  | here; ([A]lways) ignore it?
 33327 | Lair:6   | Entered Level 6 of the Lair of Beasts
 33360 | Lair:6   | Identified the +5 scale mail "Cobofumu" {Rampage}
 33385 | Lair:6   | Reached XP level 16. HP: 143/167 MP: 15/15
 33406 | Lair:6   | Reached skill level 4 in Evocations
 33487 | Lair:6   | You pick up a book of Party Tricks {forbidden} and begin
                  | reading...
 33512 | Lair:6   | Received a gift from Trog
 33667 | Lair:6   | Reached skill level 14 in Armour
 33788 | Lair:6   | Found a runed translucent door.
 33896 | Lair:6   | Reached skill level 5 in Evocations
 34049 | Lair:6   | You pick up a book of Vapours {forbidden} and begin
                  | reading...
 34049 | Lair:6   | You add the spells Poisonous Vapours and Corpse Rot to your
                  | library.
 35027 | D:8      | Killed Gastronok
 35479 | D:8      | Received a gift from Trog
 35486 | D:8      | Could not pick up a +1 antimagic executioner's axe
                  | {axerare=g} here; ([A]lways) ignore it?
 35486 | D:8      | Could not pick up a +1 antimagic executioner's axe
                  | {axerare=g} here; ([A]lways) ignore it?
 35486 | D:8      | Could not pick up a +1 antimagic executioner's axe
                  | {axerare=g} here; ([A]lways) ignore it?
 35486 | D:8      | Could not pick up a +1 antimagic executioner's axe
                  | {axerare=g} here; ([A]lways) ignore it?
 35725 | D:13     | Killed Kaptain's ghost
 35735 | D:13     | Identified the ring "Mozy" {rC+ rN+ Will+ Stlth+}
 35817 | D:14     | Identified Roxanne's Catalogue of Transmutation
 35817 | D:14     | Noticed Roxanne
 35828 | D:14     | Killed Roxanne
 35830 | D:14     | You add the spells Beastly Appendage, Wereblood, Petrify,
                  | Statue Form and Eringya's Noxious Bog to your library.
 36098 | Shoals:1 | Entered Level 1 of the Shoals
 36138 | Shoals:1 | Noticed Josephine
 36140 | Shoals:1 | Noticed Louise
 36172 | Spider:1 | Entered Level 1 of the Spider Nest
 36218 | Spider:1 | Noticed Donald
 36224 | Spider:1 | Reached skill level 22 in Fighting
 36386 | Spider:1 | Reached skill level 15 in Armour
 36418 | Spider:1 | Killed Donald
 36510 | Spider:1 | a +0 kite shield; a +0 plate armour; a +0 eveningstar of
                  | protection {macerare=g}
 36887 | Spider:1 | Noticed Jorgrun
 36903 | Spider:1 | Killed Jorgrun
 37688 | Spider:1 | a +0 buckler; a +0 plate armour; a +0 eveningstar of
                  | protection {macerare=g}
 37688 | Spider:1 | a +0 buckler; a +0 plate armour; a +0 eveningstar of
                  | protection {macerare=g}
 37688 | Spider:1 | Could not pick up a +0 eveningstar of protection
                  | {macerare=g} here; ([A]lways) ignore it?
 37688 | Spider:1 | a +0 buckler; a +0 plate armour; a +0 eveningstar of
                  | protection {macerare=g}
 37688 | Spider:1 | Could not pick up a +0 eveningstar of protection
                  | {macerare=g} here; ([A]lways) ignore it?
 37688 | Spider:1 | Could not pick up a +0 eveningstar of protection
                  | {macerare=g} here; ([A]lways) ignore it?
 37688 | Spider:1 | a +0 buckler; a +0 plate armour; a +0 eveningstar of
                  | protection {macerare=g}
 37688 | Spider:1 | Could not pick up a +0 eveningstar of protection
                  | {macerare=g} here; ([A]lways) ignore it?
 37708 | Spider:1 | a +0 buckler; a +0 plate armour; a +0 eveningstar of
                  | protection {macerare=g}
 37719 | Spider:2 | Noticed Asterion
 37720 | Spider:2 | magus.rc [v1.9.6]
 37720 | Spider:2 | magus.rc [v1.9.6]
 37720 | Spider:2 | magus.rc [v1.9.6]
 37720 | Spider:2 | magus.rc [v1.9.6]
 37730 | Spider:1 | a +0 buckler; a +0 plate armour; a +0 eveningstar of
                  | protection {macerare=g}
 37986 | Slime:1  | Entered Level 1 of the Pits of Slime
 38073 | Spider:1 | a +0 buckler; a +0 plate armour; a +0 eveningstar of
                  | protection {macerare=g}
 38246 | Spider:1 | U - a +0 eveningstar of protection {macerare=g}
 38282 | Shoals:1 | Reached skill level 16 in Armour
 38284 | Shoals:1 | Killed Josephine
 38287 | Shoals:1 | Received a gift from Trog
 38324 | Shoals:1 | You drop a +0 eveningstar of protection {macerare=g}.
 38368 | Shoals:1 | Noticed Mlioglotl
 38429 | Shoals:1 | Killed Mlioglotl
 38611 | Shoals:1 | Killed Louise
 38722 | Shoals:1 | Noticed Kirke
 38765 | Shoals:1 | Killed Kirke
 38766 | Shoals:1 | Reached XP level 17. HP: 177/178 MP: 16/16
 38819 | Shoals:1 | Reached skill level 23 in Fighting
 39144 | Shoals:2 | HP: 31/179 [snapping turtle (20)]
 39145 | Shoals:2 | HP: 15/179 [snapping turtle (16)]
 39155 | Shoals:1 | HP: 35/179 [drowned by a water elemental (4)]
 39158 | Shoals:1 | Received a gift from Trog
 39169 | Shoals:2 | HP: 24/179 [harpy (13)]
 39500 | Shoals:1 | Noticed a kraken
 39510 | Shoals:1 | Killed a kraken
 39575 | Shoals:1 | Reached skill level 17 in Armour
 39591 | Shoals:1 | Identified the ring of Gaiss {rCorr EV+4}
 39710 | Shoals:1 | Could not pick up a +0 eveningstar of protection
                  | {macerare=g} here; ([A]lways) ignore it?
 39710 | Shoals:1 | Could not pick up a +0 eveningstar of protection
                  | {macerare=g} here; ([A]lways) ignore it?
 39710 | Shoals:1 | Could not pick up a +0 eveningstar of protection
                  | {macerare=g} here; ([A]lways) ignore it?
 39710 | Shoals:1 | Could not pick up a +0 eveningstar of protection
                  | {macerare=g} here; ([A]lways) ignore it?
 39883 | Shoals:2 | Noticed Aizul
 39892 | Shoals:2 | Killed Aizul
 40247 | Shoals:2 | Found Kaziad's Distillery.
 40318 | Shoals:2 | Noticed Polyphemus
 40329 | Shoals:2 | Killed Polyphemus
 40527 | Shoals:2 | You pick up a book of Spectacle {forbidden} and begin
                  | reading...
 40527 | Shoals:2 | You add the spells Dazzling Flash, Iskenderun's Mystic
                  | Blast and Starburst to your library.
 41207 | Elf:1    | Entered Level 1 of the Elven Halls
 41598 | Elf:1    | Received a gift from Trog
 42047 | Elf:1    | Identified the +8 hunting sling "Zitoly" {vorpal, Str+4
                  | Int-3}
 42095 | Elf:1    | You pick up a book of Pain {forbidden} and begin reading...
 42095 | Elf:1    | You add the spells Pain and Agony to your library.
 42386 | Elf:2    | Reached skill level 18 in Armour
 42543 | Elf:2    | Found a crumbling gateway.
 42548 | Desolati | Entered the Desolation of Salt
 42554 | Desolati | G - the +6 executioner's axe of Ankefyut (weapon) {vorpal,
                  | rN+ Will+ Str+3 Dex-3, axerare=g}
 42590 | Desolati | Reached skill level 24 in Fighting
 42605 | Desolati | Identified the ring of the Iron Devil {*Slow +Blink rN+
                  | Will+ Dex+6}
 42610 | Desolati | Identified the ring "Xiril" {rC+ rN+ Will+ Str+4 Dex+3}
 42728 | Desolati | Identified the +4 chain mail of Agyr {Str+3}
 42733 | Desolati | Got the Compendium of Dusty Poisoning {forbidden}
 42739 | Desolati | Identified the +1 plate armour of Disaster {-Tele rC+ Str+4
                  | Dex+3}
 42775 | Desolati | Identified the +5 battleaxe of Goecsaf {vorpal, Str+2}
                  | (Trog gifted it to you in the Desolation of Salt)
 42775 | Desolati | Received a gift from Trog
 43042 | Desolati | Identified the +8 mace "Xaphiloh" {pain, Drain rC+ rN+++
                  | Int+4}
 43057 | Desolati | Identified the +3 ring mail of Hairiness {Slay+3}
 43221 | Desolati | Identified the ring "Jamox" {rElec Will++ Slay-6 SInv}
 43244 | Desolati | Identified the ring of Paranoia {Int+3 SInv}
 43330 | Desolati | You add the spells Lightning Bolt and Chain Lightning to
                  | your library.
 43330 | Desolati | Got the Papyrus of the Birds {forbidden}
 43369 | Desolati | You pick up a book of Cantrips {forbidden} and begin
                  | reading...
 43380 | Desolati | Got the Volume of Feathers and Poisoning {forbidden}
 43503 | Elf:2    | Paralysed by an air elemental for 1 turns
 43516 | Elf:2    | Reached XP level 18. HP: 190/192 MP: 17/17
 43523 | Elf:2    | Received a gift from Trog
 43551 | Elf:2    | Reached skill level 19 in Axes
 43675 | Elf:2    | Paralysed by an air elemental for 1 turns
 43751 | Elf:2    | You pick up a book of Touch {forbidden} and begin
                  | reading...
 43797 | Elf:2    | Found a runed translucent gate.
 43798 | Elf:2    | Found a runed translucent gate.
 43798 | Elf:2    | Found a runed translucent gate.
 43898 | Elf:2    | Reached skill level 19 in Armour
 43978 | Elf:2    | HP: 42/192 [orc warrior/+0 trident (18)]
 44002 | Elf:2    | HP: 27/192 [orc knight/+2 battleaxe (32)]
 44262 | Elf:2    | Received a gift from Trog
 44891 | Elf:2    | Found a corrupted altar of Lugonu.
 45222 | Depths:1 | Entered Level 1 of the Depths
 45222 | Depths:1 | Found a gateway to Hell.
 45254 | Depths:1 | Paralysed by a great orb of eyes for 6 turns
 45472 | Depths:1 | Reached skill level 25 in Fighting
 45838 | Depths:1 | Found Dimob's Book Shoppe.
 45842 | Depths:1 | Found Meri's Antique Weapon Emporium.
 45843 | Depths:1 | Found Veips's Armour Shoppe.
 45904 | Depths:1 | Found Huod's Antique Weapon Emporium.
 45926 | Depths:1 | Found a one-way gateway to a ziggurat.
 46062 | Depths:1 | Received a gift from Trog
 46121 | Depths:1 | Could not pick up a +3 antimagic executioner's axe
                  | {axerare=g} here; ([A]lways) ignore it?
 46121 | Depths:1 | Could not pick up a +3 antimagic executioner's axe
                  | {axerare=g} here; ([A]lways) ignore it?
 46121 | Depths:1 | Could not pick up a +3 antimagic executioner's axe
                  | {axerare=g} here; ([A]lways) ignore it?
 46121 | Depths:1 | Could not pick up a +3 antimagic executioner's axe
                  | {axerare=g} here; ([A]lways) ignore it?
 46121 | Depths:1 | Could not pick up a +3 antimagic executioner's axe
                  | {axerare=g} here; ([A]lways) ignore it?
 46121 | Depths:1 | Could not pick up a +3 antimagic executioner's axe
                  | {axerare=g} here; ([A]lways) ignore it?
 46121 | Depths:1 | Could not pick up a +3 antimagic executioner's axe
                  | {axerare=g} here; ([A]lways) ignore it?
 46146 | Depths:1 | Could not pick up a +3 antimagic executioner's axe
                  | {axerare=g} here; ([A]lways) ignore it?
 46146 | Depths:1 | Could not pick up a +3 antimagic executioner's axe
                  | {axerare=g} here; ([A]lways) ignore it?
 46146 | Depths:1 | Could not pick up a +3 antimagic executioner's axe
                  | {axerare=g} here; ([A]lways) ignore it?
 46267 | Depths:1 | Could not pick up a +3 antimagic executioner's axe
                  | {axerare=g} here; ([A]lways) ignore it?
 46458 | Depths:2 | Reached skill level 20 in Axes
 46695 | Depths:2 | Noticed a lich
 46705 | Depths:2 | HP: 41/191 [disintegration (26)]
 47081 | Depths:2 | Killed a lich
 47197 | Depths:2 | Reached skill level 20 in Armour
 47481 | Depths:2 | Noticed Jory
 47504 | Depths:2 | Killed Jory
 47505 | Depths:2 | Reached XP level 19. HP: 82/199 MP: 18/18
 47507 | Depths:2 | HP: 72/298 [poisoned by Jory]
 47512 | Depths:2 | HP: 61/300 [poisoned by Jory]
 47517 | Depths:2 | HP: 34/200 [poisoned by Jory]
 47989 | Depths:2 | Identified the +3 broad axe of Minotaur's Doom {flame, rN+
                  | Str+3 Int-4} (Trog gifted it to you on level 2 of the
                  | Depths)
 47989 | Depths:2 | Received a gift from Trog
 49281 | Depths:3 | Found Axitef's Weapon Emporium.
 50141 | Depths:3 | Found a one-way gate to the infinite horrors of the Abyss.
 50459 | Depths:3 | Received a gift from Trog
 50688 | Depths:3 | You pick up a book of the Spheres {forbidden} and begin
                  | reading...
 50688 | Depths:3 | You add the spells Iskenderun's Battlesphere, Fireball,
                  | Conjure Ball Lightning and Orb of Destruction to your
                  | library.
 50754 | Depths:3 | Noticed a golden dragon
 50767 | Depths:3 | Killed a golden dragon
 50768 | Depths:3 | Reached skill level 21 in Axes
 51483 | Depths:3 | Reached skill level 26 in Fighting
 51515 | Depths:3 | Reached skill level 21 in Armour
 52802 | Depths:3 | Noticed a caustic shrike
 52966 | Depths:3 | Killed a caustic shrike
 53028 | Depths:3 | Identified the +0 ring mail "Moexet" {rF+++ Str-5 Int+7}
 53690 | Depths:4 | Entered Level 4 of the Depths
 54361 | Depths:4 | Received a gift from Trog
 54649 | Depths:4 | Reached XP level 20. HP: 202/214 MP: 19/19
 54722 | Depths:4 | Reached skill level 6 in Evocations
 56552 | Depths:4 | Reached skill level 22 in Armour
 56571 | Depths:4 | HP: 74/322 [poisoned by a green draconian (poison gas)]
 56574 | Depths:4 | Received a gift from Trog
 56574 | Depths:4 | HP: 30/322 [poisoned by something (poison gas)]
 56576 | Depths:4 | HP: 8/322 [poisoned by something (poison gas)]
 56577 | Depths:4 | Succumbed to something's poison gas

Vanquished Creatures
  A caustic shrike (Depths:3)
  A golden dragon (Depths:3)
  Jory (Depths:2)
  A tentacled monstrosity (Depths:4)
  Jorgrun (Spider:1)
  4 liches
  Mlioglotl (Shoals:1)
  A walking divine tome (Depths:3)
  A walking frostbound tome (Depths:3)
  Polyphemus (Shoals:2)
  Gastronok (D:8)
  A kraken (Shoals:1)
  Kirke (Shoals:1)
  2 sphinxes
  2 shadow dragons
  Donald (Spider:1)
  2 tengu reavers (Depths:3)
  Roxanne (D:14)
  2 azure jellies (IceCv)
  6 fire giants
  A draconian scorcher (Depths:4)
  2 orc warlords
  8 frost giants
  A draconian shifter (Depths:4)
  A deep elf sorcerer (Elf:2)
  6 ghost moths
  Aizul (Shoals:2)
  Louise (Shoals:1)
  A spriggan defender (Depths:3)
  A quicksilver ooze (IceCv)
  The ghost of Kaptain the Geomancer, a journeyman GrEE (D:13)
  8 very ugly things
  A broodmother (Spider:1)
  A green draconian (Depths:4)
  Nessos (Lair:4)
  6 stone giants
  5 vampire knights
  2 black draconians (Depths:4)
  A minotaur (Gauntlet)
  A deep elf demonologist (Elf:1)
  2 deep elf annihilators (Elf:2)
  A minotaur (shapeshifter) (Depths:3)
  2 red draconians (Depths:4)
  A halazid warlock (Desolation)
  Snorg (Lair:5)
  3 merfolk impalers
  7 ettins
  4 merfolk javelineers
  7 eidola (Depths:2)
  Josephine (Shoals:1)
  8 ragged hierophants (Desolation)
  2 crystal guardians (Desolation)
  2 deep elf high priests
  3 great orbs of eyes
  3 fire dragons (Depths:3)
  4 rakshasas
  7 boulder beetles
  A peacekeeper (Desolation)
  An ogre mage (D:15)
  5 servants of whispers (Desolation)
  4 spriggan air magi (Depths:3)
  3 ice dragons
  A salamander tyrant (Depths:2)
  12 hydras
  2 hell beasts
  A demonspawn (Orc:2)
  A catoblepas (Shoals:2)
  3 death knights
  8 centaur warriors
  An alligator snapping turtle (Shoals:2)
  18 dancing weapons
  The ghost of Skippwaahh the Nimble, a journeyman FeCj of Elyvilon (Lair:3)
  2 vampire magi
  7 two-headed ogres
  5 tengu warriors
  2 deep troll shamans (Depths:2)
  10 deep troll earth magi
  Urug (D:13)
  2 death yaks (Shoals:2)
  6 orc high priests
  12 deep elf knights
  Sonja (Lair:1)
  5 hell knights
  A shock serpent (shapeshifter) (Depths:3)
  A sun demon (Depths:4)
  2 iron trolls
  A soul eater (Orc:2)
  2 sun moths (Spider:1)
  2 pharaoh ants (Spider:1)
  11 shadow wraiths (Depths:2)
  8 skeletal warriors
  An orb spider (Spider:1)
  4 sea snakes
  11 deep trolls
  7 flayed ghosts
  2 glowing orange brains
  A steelbarb worm (Spider:1)
  A wizard (Depths:3)
  8 deep elf archers
  An obsidian statue (Gauntlet)
  3 lindwurms
  20 orc knights
  10 deep elf pyromancers
  14 deep elf zephyrmancers
  5 phantasmal warriors (Depths:2)
  8 harpies
  2 necromancers (Depths:4)
  19 ugly things
  2 ironbound convokers (Desolation)
  11 orc sorcerers
  5 wolf spiders (Spider:1)
  5 fauns (Shoals:1)
  A moth of wrath (Spider:1)
  3 cyclopes
  4 salamanders (Depths:2)
  9 manticores
  2 ice statues (IceCv)
  A water nymph (Shoals:2)
  6 merfolk sirens
  A guardian serpent (Desolation)
  2 smoke demons
  2 black mambas
  5 molten gargoyles
  6 torpor snails (Lair:6)
  2 gargoyles
  11 elephants
  Maggie (Lair:2)
  3 rime drakes
  14 cane toads
  A kobold demonologist (D:12)
  3 efreet
  An ice devil (Orc:2)
  A komodo dragon (shapeshifter) (D:15)
  7 komodo dragons
  2 entropy weaver simulacra (IceCv)
  3 tengu conjurers
  13 merfolk
  A hellwing (Depths:4)
  5 freezing wraiths
  4 red devils
  9 meliai
  4 trolls
  A wolf spider simulacrum (D:14)
  11 polar bears
  9 hornets
  5 wind drakes
  34 saltlings (Desolation)
  6 tarantellas (Spider:1)
  8 tyrant leeches
  3 snapping turtles
  23 slime creatures
  4 blink frogs (Lair:5)
  A raiju (Lair:6)
  10 jumping spiders (Spider:1)
  5 culicivoras (Spider:1)
  54 yaks
  A shadow (D:9)
  15 water elementals
  4 air elementals (Elf:2)
  12 wraiths
  4 basilisks
  8 wyverns
  6 fire bats
  A steam dragon (D:9)
  A neqoxec (Depths:4)
  3 fire elementals
  6 hogs (Shoals:1)
  12 vampire mosquitoes
  A chaos spawn (Depths:4)
  A yak (shapeshifter) (D:15)
  8 redbacks (Spider:1)
  6 wargs
  Edmund (D:6)
  3 demonic crawler simulacra (IceCv)
  17 hell hounds
  4 acid dragons (D:12)
  A floating eye (Depths:4)
  17 water moccasins
  46 orc warriors
  3 sky beasts
  2 ice beasts (D:7)
  3 necrophages
  A tengu (D:10)
  2 ugly thing simulacra (IceCv)
  15 black bears
  26 wolves
  12 ogres
  15 centaurs
  10 bullfrogs
  3 kobold brigands
  A wyvern zombie (D:8)
  A gnoll sergeant (D:9)
  A glowing shapeshifter simulacrum (IceCv)
  A scorpion (shapeshifter) (D:14)
  5 earth elementals
  2 scorpions (D:4)
  16 killer bees
  4 wights (D:8)
  A howler monkey (D:13)
  An electric eel (Lair:3)
  3 centaur zombies
  A bullfrog zombie (D:5)
  A bullfrog skeleton (D:6)
  4 jellies
  32 orc priests
  2 hounds (D:5)
  A gnoll shaman (D:8)
  An iguana (D:6)
  Terence (D:2)
  21 orc wizards
  11 hell rats (Lair:2)
  A killer bee zombie (D:6)
  2 hound skeletons (D:4)
  22 gnolls
  3 howler monkey zombies
  3 adders
  A howler monkey skeleton (D:6)
  An ufetubus (D:7)
  3 dart slugs
  118 orcs
  9 ball pythons
  14 bats
  8 endoplasms
  7 giant cockroaches
  4 hobgoblins
  6 jackals (D:3)
  6 quokkas
  4 frilled lizards
  10 goblins
  19 kobolds
  7 rats
  5 fire vortices
  5 tentacles (Shoals:1)
1363 creatures vanquished.

Vanquished Creatures (collateral kills)
  A fire dragon (Lair:6)
  2 fire vortices (Volcano)
3 creatures vanquished.

Vanquished Creatures (others)
  A wizard (Depths:3)
  An orc priest (Orc:1)
  A bush (D:11)
  2 fire vortices (Volcano)
  26 fungi
  2 pillars of salt (Desolation)
  61 plants
  3 tentacles (Shoals:1)
97 creatures vanquished.

Grand Total: 1463 creatures vanquished

Table legend:
 A = Non-vault XP
 B = Vault XP
 C = Vault XP percentage of total XP
 D = Non-vault monster count
 E = Vault monster count
 F = Vault count percentage of total count
                 A         B        C        D         E       F
            +---------+---------+-------+---------+---------+-------
      Total |  256155 |  246380 |  49.0 |     806 |     549 |  40.5
            +---------+---------+-------+---------+---------+-------
        D:1 |      48 |       6 |  11.1 |      27 |       3 |  10.0
        D:2 |      59 |      36 |  37.9 |      14 |       1 |   6.7
        D:3 |      52 |       0 |   0.0 |      22 |       0 |   0.0
        D:4 |     522 |       0 |   0.0 |      26 |       0 |   0.0
        D:5 |    1339 |       0 |   0.0 |      18 |       0 |   0.0
        D:6 |     789 |     157 |  16.6 |      17 |       1 |   5.6
        D:7 |     841 |     232 |  21.6 |      13 |       6 |  31.6
        D:8 |    1632 |    2606 |  61.5 |      26 |      22 |  45.8
        D:9 |    3182 |    2102 |  39.8 |      39 |       8 |  17.0
       D:10 |     922 |     552 |  37.4 |      18 |       3 |  14.3
       D:11 |    5781 |    1671 |  22.4 |      23 |       9 |  28.1
       D:12 |    8281 |     748 |   8.3 |      23 |      24 |  51.1
       D:13 |    6182 |    4801 |  43.7 |      14 |       9 |  39.1
       D:14 |    8291 |    5474 |  39.8 |      19 |       7 |  26.9
       D:15 |   24400 |    2668 |   9.9 |      48 |       3 |   5.9
     Lair:1 |    8745 |    1824 |  17.3 |      31 |       3 |   8.8
     Lair:2 |    5188 |     778 |  13.0 |      26 |       2 |   7.1
     Lair:3 |    5193 |    2296 |  30.7 |      21 |       9 |  30.0
     Lair:4 |    6956 |    1065 |  13.3 |      24 |       1 |   4.0
     Lair:5 |    4240 |    1105 |  20.7 |      18 |       4 |  18.2
     Lair:6 |    5184 |   17240 |  76.9 |      16 |      75 |  82.4
   Shoals:1 |   17066 |    6995 |  29.1 |      33 |      13 |  28.3
   Shoals:2 |   10712 |    5160 |  32.5 |      24 |       5 |  17.2
   Spider:1 |   21069 |    3207 |  13.2 |      49 |       2 |   3.9
      Orc:1 |    7036 |    2433 |  25.7 |      49 |       4 |   7.5
      Orc:2 |    1037 |   12347 |  92.3 |      23 |      54 |  70.1
      Elf:1 |    6338 |    6683 |  51.3 |      11 |      10 |  47.6
      Elf:2 |   22520 |   23998 |  51.6 |      39 |      44 |  53.0
   Depths:1 |   12510 |       0 |   0.0 |      13 |       0 |   0.0
   Depths:2 |   15774 |   32078 |  67.0 |      22 |      44 |  66.7
   Depths:3 |   22010 |   51552 |  70.1 |      30 |      48 |  61.5
   Depths:4 |   20961 |   13641 |  39.4 |      27 |      18 |  40.0
     Bailey |       0 |     795 | 100.0 |       0 |      22 | 100.0
      IceCv |    1295 |    9448 |  87.9 |       3 |      27 |  90.0
    Volcano |       0 |    3524 | 100.0 |       0 |       9 | 100.0
 Desolation |       0 |   26454 | 100.0 |       0 |      55 | 100.0
   Gauntlet |       0 |    2704 | 100.0 |       0 |       4 | 100.0
            +---------+---------+-------+---------+---------+-------

Illustrated notes

Table legend:
 A = Kills in this place as a percentage of kills in entire the game.
 B = Kills by you in this place as a percentage of kills by you in the entire game.
 C = Kills by friends in this place as a percentage of kills by friends in the entire game.
 D = Other kills in this place as a percentage of other kills in the entire game.
 E = Experience gained in this place as a percentage of experience gained in the entire game.
 F = Experience gained in this place divided by the number of levels of this place that you have seen.
                   A       B       C       D       E      F
               +-------+-------+-------+-------+-------+----------------------
         Total | 100.0 | 100.0 | 100.0 | 100.0 | 100.0 | 12257.0
       Dungeon |  32.7 |  32.7 |   0.0 |   0.0 |  16.6 | 5558.3
          Lair |  17.0 |  16.9 | 100.0 |   0.0 |  11.9 | 9969.0
        Shoals |   5.5 |   5.5 |   0.0 |   0.0 |   7.9 | 13311.0
   Spider Nest |   3.8 |   3.8 |   0.0 |   0.0 |   4.8 | 12138.0
  Orcish Mines |   9.6 |   9.6 |   0.0 |   0.0 |   4.5 | 11426.5
   Elven Halls |   7.7 |   7.7 |   0.0 |   0.0 |  11.8 | 29769.5
        Depths |  14.9 |  14.9 |   0.0 | 100.0 |  33.5 | 42131.5
        Bailey |   1.6 |   1.6 |   0.0 |   0.0 |   0.2 | 795.0
      Ice Cave |   2.2 |   2.2 |   0.0 |   0.0 |   2.1 | 10743.0
       Volcano |   0.7 |   0.7 |   0.0 |   0.0 |   0.7 | 3524.0
    Desolation |   4.1 |   4.1 |   0.0 |   0.0 |   5.3 | 26454.0
      Gauntlet |   0.3 |   0.3 |   0.0 |   0.0 |   0.5 | 2704.0
               +-------+-------+-------+-------+-------+----------------------

Table legend: (Time is in decaauts)
 A = Elapsed time spent in this place.
 B = Non-inter-level travel time spent in this place.
 C = Inter-level travel time spent in this place.
 D = Time resting spent in this place.
 E = Time spent auto-exploring this place.
 F = Levels seen in this place.
 G = Mean time per level.
                   A        B        C        D        E       F      G
               +--------+--------+--------+--------+--------+-----+--------+
         Total |  56735 |  53107 |   3628 |  15987 |  17649 |  41 | 1383.8 |
       Dungeon |  21925 |  20144 |   1781 |   5332 |   8317 |  15 | 1461.7 |
          Lair |   6280 |   5671 |    609 |    440 |   3350 |   6 | 1046.7 |
        Shoals |   2715 |   2605 |    110 |    428 |    487 |   3 |  905.0 |
   Spider Nest |   1561 |   1492 |     69 |    249 |    430 |   2 |  780.5 |
    Slime Pits |      1 |      1 |      0 |      0 |      0 |   1 |    1.0 |
  Orcish Mines |   5193 |   4833 |    360 |   2220 |   1166 |   2 | 2596.5 |
   Elven Halls |   2932 |   2813 |    119 |    528 |    760 |   2 | 1466.0 |
        Depths |  10698 |  10121 |    577 |   4375 |   2343 |   4 | 2674.5 |
        Bazaar |     60 |     60 |      0 |      0 |     18 |   1 |   60.0 |
        Bailey |    967 |    967 |      0 |    571 |    198 |   1 |  967.0 |
      Ice Cave |    795 |    795 |      0 |     99 |    132 |   1 |  795.0 |
       Volcano |   1550 |   1550 |      0 |   1244 |      0 |   1 | 1550.0 |
    Desolation |    918 |    918 |      0 |     83 |    215 |   1 |  918.0 |
      Gauntlet |   1133 |   1133 |      0 |    415 |    231 |   1 | 1133.0 |
               +--------+--------+--------+--------+--------+-----+--------+

Top non-repeatable levels by time:
Depths:3: 4561 daAuts
    D:11: 3962 daAuts
Depths:2: 3420 daAuts
   Orc:2: 2961 daAuts
   Orc:1: 2232 daAuts
     D:9: 2053 daAuts
    D:12: 1939 daAuts
Depths:4: 1760 daAuts
     D:7: 1690 daAuts
     D:5: 1605 daAuts
 Volcano: 1550 daAuts
Spider:1: 1540 daAuts
   Elf:1: 1529 daAuts
Shoals:1: 1426 daAuts
   Elf:2: 1403 daAuts
